 Dungeon Crawl Stone Soup version 0.30-a0-672-gc3a7216ad8 (webtiles) character file.

Game seed: 2305546074314632910

291 lunkers the Cleaver (level 6, 0/51 HPs)
             Began as a Meteoran Berserker on Jan 18, 2023.
             Was a Believer of Trog.
             Slain by a quokka (2 damage)
             ... summoned by Eustachio
             ... on level 4 of the Dungeon.
             The game lasted 00:03:17 (1225 turns).

lunkers the Cleaver (Meteoran Berserker)            Turns: 1225, Time: 00:03:18

Health: 0/51       AC:  9    Str: 20    XL:     6   Next: 90%
Magic:  7/7        EV: 12    Int:  9    God:    Trog [**....]
Gold:   144        SH:  0    Dex: 14    Spells: 5/5 levels left

rFire   . . .      SeeInvis .    a - +0 hand axe
rCold   + . .      Faith    .    (no shield)
rNeg    . . .      Spirit   .    o - +2 leather armour {rC+}
rPois   .          Reflect  .    s - +1 helmet
rElec   .          Harm     .    t - +0 cloak
rCorr   .          Rampage  .    c - +0 pair of gloves
Will    .....                    (no boots)
Stlth   +                        (no amulet)
HPRegen 0.28/turn                (no ring)
MPRegen 0.10/turn                (no ring)

@: on berserk cooldown, slowed, glowing, very slow
A: sense surroundings 1, otherworldly, glowing, explore regen
a: Renounce Religion, Berserk, Trog's Hand


You were on level 4 of the Dungeon.
You worshipped Trog.
Trog was pleased with you.
You visited 1 branch of the dungeon, and saw 4 of its levels.

You collected 144 gold pieces.

Inventory:

Hand Weapons
 a - a +0 hand axe (weapon)
Missiles
 g - 2 curare-tipped darts
Armour
 c - a +0 pair of gloves (worn)
 o - a +2 leather armour of cold resistance (worn)
 s - a +1 helmet (worn)
 t - a +0 cloak (worn)
Jewellery
 e - a +6 ring of intelligence
Wands
 m - a wand of charming (9)
Scrolls
 d - a scroll of blinking {unknown}
 f - a scroll of poison {unknown}
 k - a scroll of fear {unknown}
 p - a scroll of fog {unknown}
 q - a scroll of vulnerability {unknown}
 r - 3 scrolls of teleportation {unknown}
 v - a scroll of torment {unknown}
Potions
 b - a potion of haste {unknown}
 h - a potion of degeneration {unknown}
 i - a potion of curing
 j - a potion of resistance {unknown}
 l - a potion of flight {unknown}
 n - a potion of might {unknown}
 u - a potion of heal wounds {unknown}
 w - a potion of brilliance {unknown}


   Skills:
 - Level 3.2 Fighting
 + Level 8.3 Axes
 - Level 2.4 Armour
 - Level 2.4 Dodging


You had 5 spell levels left.
You didn't know any spells.
Your spell library was empty.

Dungeon Overview and Level Annotations

Branches:
Dungeon (4/15) Zot: 1156
 Temple: D:4-7

Altars:
Yredelemnul

Shops:
D:1 (

Annotations:
D:4 Eustachio


Innate Abilities, Weirdness & Mutations

You passively map a small area around you.
You are easily found by Zot.
You glow in the dark.
You regain HP and MP as you explore.


Message History

The river rat misses you.
The quokka bites you but does no damage. x2
Okay, then.
Okay, then.
Okay, then.
You barely miss the river rat.
The river rat is heavily wounded.
You barely miss the river rat. You hit the quokka.
You hit the quokka but do no damage. You hit the shadow imp.
You barely miss the crimson imp.
The crimson imp blinks!
The river rat barely misses you. The river rat bites you.
* * * LOW HITPOINT WARNING * * *
The shadow imp barely misses you.
The quokka bites you but does no damage. x2
The river rat bites you.
* * * LOW HITPOINT WARNING * * *
The shadow imp hits you but does no damage.
The river rat closely misses you.
You hit the river rat.
The river rat is almost dead.
You hit the river rat but do no damage. You barely miss the quokka.
You hit the quokka. You hit the shadow imp.
The quokka twitches its whiskers.
The quokka closely misses you. x2
Eustachio casts a spell.
Eustachio blinks!
The quokka bites you but does no damage.
The river rat closely misses you. The quokka bites you.
* * * LOW HITPOINT WARNING * * *
The shadow imp hits you.
* * * LOW HITPOINT WARNING * * *
The river rat bites you but does no damage.
The river rat attacks as you move away!
The river rat bites you but does no damage.
The crimson imp disappears in a puff of smoke!
The quokka bites you but does no damage.
The river rat completely misses you.
The shadow imp hits you but does no damage.
The quokka barely misses you. The quokka bites you.
You die...

, , , , , ...* ,,
* * .... ,...## ,
, ....# * ,,
.####.#.# #
,..?..#.###.# *
#..#r5...# ,
##...r@#..# *
#....rr...#, *
#........## * ,
..##....@..###...#
,
#.^..........+...#
* **
#..###....####...#
#..###.†..# #...#
#.........# #...#
.#####..#####...#


You could see Eustachio, 2 river rats, a shadow imp (summoned) and 2 quokkas.

Vanquished Creatures
  Sigmund (D:2)
  Crazy Yiuf (D:3)
  Ijyb (D:3)
  Robin (D:3)
  2 adders (D:3)
  A worm (D:3)
  3 bats
  2 endoplasms
  9 hobgoblins
  3 kobolds (D:2)
  4 quokkas
  4 ball pythons
  A frilled lizard (D:2)
  9 goblins (D:3)
  3 rats
45 creatures vanquished.

Vanquished Creatures (others)
  4 fungi (D:3)
4 creatures vanquished.

Grand Total: 49 creatures vanquished

Notes
Turn   | Place    | Note
-------+----------+-------------------------------------------
     0 | D:1      | lunkers the Meteoran Berserker began the quest for the Orb.
     0 | D:1      | Reached XP level 1. HP: 19/19 MP: 2/2
    55 | D:1      | Found Usan's Weapon Emporium.
    88 | D:1      | Reached skill level 4 in Axes
   122 | D:1      | Reached XP level 2. HP: 18/26 MP: 3/3
   169 | D:1      | You fall into a shaft and drop 1 floor!
   203 | D:2      | Noticed Sigmund
   223 | D:2      | Killed Sigmund
   224 | D:2      | Reached skill level 7 in Axes
   224 | D:2      | Reached XP level 3. HP: 13/31 MP: 4/4
   224 | D:2      | Reached XP level 4. HP: 16/38 MP: 5/5
   224 | D:2      | Reached XP level 5. HP: 19/45 MP: 6/6
   224 | D:2      | Reached XP level 6. HP: 22/51 MP: 7/7
   442 | D:2      | Found a faded altar of an unknown god.
   614 | D:3      | Noticed Ijyb
   633 | D:3      | Killed Ijyb
   703 | D:3      | Noticed Robin
   731 | D:3      | Killed Robin
   731 | D:3      | Reached ** piety under Trog
   732 | D:3      | Reached skill level 8 in Axes
   905 | D:3      | Found a basalt altar of Yredelemnul.
   964 | D:3      | Found a runed translucent door.
   965 | D:3      | Noticed Crazy Yiuf
   971 | D:3      | Killed Crazy Yiuf
  1184 | D:4      | Noticed Eustachio
  1224 | D:4      | HP: 2/51 [shadow imp[Eustachio] (4)]
  1225 | D:4      | Slain by a quokka

Illustrated notes

Levels and vault maps discovered:
D:1:      psy_arrival_dodecagon, layout_basic, serial_shops, nicolae_shop_stone,
          nrook_mini_backslash
D:2:      layout_rooms, hellmonk_ecumenical_altar_run_dry, uniq_sigmund
D:3:      layout_rooms, nicolae_overflow_hidden_temple, uniq_ijyb,
          uniq_crazy_yiuf_cottage, uniq_robin
D:4:      layout_basic, uniq_eustachio

Skill      XL: |  1  2  3  4  5  6 |
---------------+-------------------+-----
Axes           | 4 7 8 |  8.3
Fighting       | |  3.2
Armour         | |  2.4
Dodging        | |  2.4

Action                   |  1- 3 |  4- 6 || total
-------------------------+-------+-------++-------
Melee: Hand axe          |    39 |   121 ||   160
       Punch             |       |     1 ||     1
Invok: Berserk           |     1 |     3 ||     4
Armor: Animal skin       |    12 |     3 ||    15
       Leather armour    |       |    58 ||    58
Dodge: Dodged            |    25 |    72 ||    97

Table legend: (Time is in decaauts)
 A = Elapsed time spent in this place.
 B = Non-inter-level travel time spent in this place.
 C = Inter-level travel time spent in this place.
 D = Time resting spent in this place.
 E = Time spent auto-exploring this place.
 F = Levels seen in this place.
 G = Mean time per level.
                   A        B        C        D        E       F      G
               +--------+--------+--------+--------+--------+-----+--------+
         Total |   1242 |   1170 |     72 |      0 |    803 |   4 |  310.5 |
       Dungeon |   1242 |   1170 |     72 |      0 |    803 |   4 |  310.5 |
               +--------+--------+--------+--------+--------+-----+--------+

Top non-repeatable levels by time:
     D:3: 548 daAuts
     D:2: 443 daAuts
     D:1: 171 daAuts
     D:4: 79 daAuts
